 Dungeon Crawl Stone Soup version 0.26.1-11-gd32895ea62 (webtiles) character file.

Game seed: 17722400587911668849

28 kodamatunes15 the Ruffian (level 3, -8/30 HPs)
             Began as a Ghoul Gladiator on May 21, 2021.
             Killed by divine providence
             ... invoked by an orc priest
              (16 damage)
             ... on level 3 of the Dungeon on May 26, 2021.
             The game lasted 00:07:04 (1532 turns).

kodamatunes15 the Ruffian (Ghoul Gladiator)         Turns: 1532, Time: 00:07:06

Health: -8/30      AC:  7    Str: 17    XL:     3   Next: 14%
Magic:  2/2        EV: 11    Int:  4    God:
Gold:   144        SH:  0    Dex: 10    Spells: 2/2 levels left

rFire    . . .     SeeInvis .     - Unarmed
rCold    + . .     Faith    .   (no shield)
rNeg     + + +     Spirit   .   e - +0 ring mail
rPois    ∞         Reflect  .   b - +1 helmet
rElec    .         Harm     .   (no cloak)
rCorr    .         Rampage  .   (no gloves)
Will     .....                  (no boots)
Stlth    ..........             (no amulet)
HPRegen  0.00/turn              (no ring)
MPRegen  0.08/turn              (no ring)

@: no status effects
A: claws 1, cold resistance 1, negative energy resistance 3, inhibited
regeneration, torment resistance, unbreathing
a: no special abilities


You were on level 3 of the Dungeon.
You visited 1 branch of the dungeon, and saw 3 of its levels.

You collected 144 gold pieces.

Inventory:

Hand Weapons
 g - a +0 short sword of protection
Missiles
 c - 5 throwing nets (quivered)
Armour
 b - a +1 helmet (worn)
 e - a +0 ring mail (worn)
Jewellery
 j - a cursed ring of attention {unknown}
 l - a cursed -4 ring of strength {unknown}
Scrolls
 h - 3 scrolls of teleportation
 i - a scroll of remove curse
 n - a scroll of immolation {unknown}
Potions
 a - a potion of haste {unknown}
 d - a potion of attraction {unknown}
 f - a potion of heal wounds {unknown}
 k - a potion of lignification {unknown}
 m - a potion of curing {unknown}


   Skills:
 + Level 2.4 Fighting
 + Level 1.8 Throwing
 + Level 0.3 Armour
 + Level 3.1 Dodging
 + Level 3.9 Unarmed Combat


You had 2 spell levels left.
You didn't know any spells.
Your spell library was empty.

Dungeon Overview and Level Annotations

Branches:
Dungeon (3/15)

Altars:
Ashenzari
The Shining One


Innate Abilities, Weirdness & Mutations

You thrive by killing the living.
You are immune to poison.
You have sharp fingernails.
Your flesh is cold resistant. (rC+)
You are immune to negative energy. (rN+++)
You do not regenerate when monsters are visible.
You are immune to unholy pain and torment.
You can survive without breathing.


Message History

You miss the adder.
The adder is moderately wounded.
The frilled lizard hisses angrily.
The orc shouts!
The orc priest looks encouraged for a moment.
The orc priest mumbles some strange prayers to Beogh against you.
Beogh smites you! The adder bites you.
You hear a shout!
You closely miss the adder.
The adder is moderately wounded.
The adder completely misses you.
An orc comes into view. It is wielding a +0 mace.
A quokka comes into view.
You scratch the adder.
The adder is heavily wounded.
The adder bites you.
* * * LOW HITPOINT WARNING * * *
The orc priest calls down the wrath of Beogh upon you.
Beogh smites you!
Ouch! That really hurt!
You die...

###############
#.............#
#.<.....@.#
#.#######S# #.


hhh #. l#o# .. .o.o. .( .. oKo ... .#. #.# ... .#. r# You could see 2 orc
priests, an adder, 3 orcs, a quokka, 3 jackals, a kobold and a frilled lizard.

Vanquished Creatures
  A worm (D:2)
  2 dart slugs (D:1)
  4 bats
  4 goblins
  4 hobgoblins
  A ball python (D:2)
  A frilled lizard (D:1)
  A kobold (D:1)
  2 rats (D:1)
20 creatures vanquished.

Notes
Turn   | Place    | Note
-------+----------+-------------------------------------------
     0 | D:1      | kodamatunes15 the Ghoul Gladiator began the quest for the
                  | Orb.
     0 | D:1      | Reached XP level 1. HP: 17/17 MP: 0/0
   149 | D:1      | Reached XP level 2. HP: 17/25 MP: 1/1
   965 | D:2      | Reached XP level 3. HP: 13/30 MP: 2/2
  1188 | D:2      | Found a broken altar of Ashenzari.
  1369 | D:2      | Found a glowing golden altar of the Shining One.
  1532 | D:3      | Killed from afar by an orc priest

Illustrated notes

Levels and vault maps discovered:
D:1:      erik_arrival_orb_chamber, layout_basic
D:2:      layout_rooms, nicolae_tso_swordbearing_angel,
          ashenzari_conservatory_becter
D:3:      layout_loops_ring, ebering_ghost_gozag, portal_sewer_entry_d

Skill      XL: |  1  2 |
---------------+-------+-----
Dodging        | 3 |  3.1
Fighting       | |  2.4
Throwing       | |  1.8
Armour         | |  0.3
Unarmed Combat | |  3.9

Action                   || total
-------------------------++-------
Melee: Unarmed           ||    78
  Use: Scroll            ||     3
Armor: Leather armour    ||     4
       Ring mail         ||    32
Dodge: Dodged            ||    58
